 Dungeon Crawl Stone Soup version 0.31-a0-430-gf8416d752b (webtiles) character file.

Game seed: 1558705195504867086

56 Ethylacetat the Changeling (level 3, 0/18 HPs)
             Began as a Vine Stalker Shapeshifter on July 31, 2023.
             Slain by a worm (8 damage)
             ... on level 2 of the Dungeon.
             The game lasted 00:00:51 (709 turns).

Ethylacetat the Changeling (VSSh)                    Turns: 709, Time: 00:00:51

Health: 0/18       AC:  2    Str: 17    XL:     3   Next: 97%
Magic:  0/4        EV: 12    Int:  8    God:
Gold:   75         SH:  0    Dex: 16    Spells: 2/2 levels left

rFire   . .          .
                       - Unarmed
rCold   . . .        (no shield)
rNeg    . . .        a - +0 animal skin
rPois   .            (helmet currently unavailable)
rElec   .            (cloak currently unavailable)
rCorr   .            (gloves currently unavailable)
SInv    .            (boots currently unavailable)
Will    .....        (no amulet)
Stlth   +            (no ring)
HPRegen 0.23/turn    (no ring)
MPRegen 0.09/turn

%: guardian spirit
@: beast-form
A: beast (slay +2), fangs 2, magic shield, antimagic bite, no potion heal 2
a: Begin Untransformation


You were on level 2 of the Dungeon.
You were a hulking beast.
You visited 1 branch of the dungeon, and saw 2 of its levels.

You collected 75 gold pieces.

Inventory:

Armour
 a - a +0 animal skin (worn)
Talismans
 c - a beast talisman (active)
Potions
 b - a potion of lignification
 d - a potion of magic {unknown}
 e - a potion of enlightenment {unknown}
 f - a potion of brilliance {unknown}
 g - 2 potions of degeneration {unknown}


   Skills:
 + Level 1.8 Fighting
 - Level 1.8 Dodging
 + Level 3.4 Unarmed Combat
 * Level 3.5 Shapeshifting


You had 2 spell levels left.
You didn't know any spells.
Your spell library was empty.

Dungeon Overview and Level Annotations

Branches:
Dungeon (2/15)

Altars:


Innate Abilities, Weirdness & Mutations

You are a hulking beast.
Your limbs bulge with bestial killing power. (Slay +2)
You have extremely sharp teeth.
When hurt, damage is shared between your health and your magic reserves.
Your bite disrupts and absorbs the magic of your enemies.
Potions cannot restore your health.


Message History

You kill the adder!
A hobgoblin is nearby!
You hit the hobgoblin but do no damage. Your bite misses the hobgoblin.
The hobgoblin hits you.
A hobgoblin is nearby!
You hit the hobgoblin. You bite the hobgoblin.
You kill the hobgoblin!
A worm comes into view.
A quokka comes into view.
There are monsters nearby!
You see here an adder corpse.
There are monsters nearby!
There are monsters nearby!
You closely miss the quokka. Your bite misses the quokka.
The quokka barely misses you.
There are monsters nearby!
You hit the quokka.
You kill the quokka!
A worm is nearby!
A worm is nearby!
You hit the worm.
The worm is moderately wounded.
You hit the worm. Your bite misses the worm.
The worm is heavily wounded.
The worm bites you!
Ouch! That really hurt!
A worm is nearby!
A worm is nearby!
You are too injured to fight recklessly!
A worm is nearby!
You are too injured to fight recklessly!
Unknown command.
You hit the worm.
The worm is heavily wounded.
You hit the worm. You bite the worm. You drain its power.
You feel invigorated.
The worm is severely wounded.
The worm closely misses you.
You completely miss the worm. You bite the worm, but do no damage.
The worm is severely wounded.
The worm bites you!
You die...

#####...####. ##.##
#.# ##. #.##....
####....... #
##.##.##..## #.##.
##...#.# .#
......######....^.#
# #..wh.†<.......#
#..#####.......# #.
#.#...#.# #
.........#
.#..##.#### .......
....###.. ....##
###


You could see a worm.

Vanquished Creatures
  A gnoll (D:1)
  An adder (D:2)
  A worm (D:1)
  A dart slug (D:2)
  2 endoplasms
  A giant cockroach (D:1)
  3 goblins
  3 hobgoblins
  6 jackals (D:1)
  2 quokkas
  2 ball pythons (D:1)
  A bat (D:2)
  3 frilled lizards (D:1)
  2 kobolds
  2 rats (D:1)
31 creatures vanquished.

Notes
Turn   | Place    | Note
-------+----------+-------------------------------------------
     0 | D:1      | Ethylacetat the Vine Stalker Shapeshifter began the quest
                  | for the Orb.
     0 | D:1      | Reached XP level 1. HP: 9/9 MP: 2/2
    44 | D:1      | Reached skill level 1 in Fighting
    44 | D:1      | Reached XP level 2. HP: 9/14 MP: 1/3
   158 | D:1      | Reached XP level 3. HP: 18/18 MP: 4/4
   709 | D:2      | Slain by a worm

Illustrated notes

Levels and vault maps discovered:
D:1:      lemuel_arrival_cross, layout_rooms, nicolae_wormholes
D:2:      minmay_general_purpose_star, layout_loops_ring, serial_aquarium,
          aquarium_bridge_straight [aquarium_subvault_bridge,
          aquarium_subvault_wall, aquarium_subvault_bridge,
          aquarium_subvault_balcony], aquarium_bridge_straight
          [aquarium_subvault_bridge, aquarium_subvault_balcony,
          aquarium_subvault_bridge, aquarium_subvault_wall],
          aquarium_window_fake, aquarium_window_fake,
          aquarium_window_corridor_1, aquarium_window_1, aquarium_view_2b,
          aquarium_balcony_1b, aquarium_pool_side, uniq_crazy_yiuf_cottage

Skill      XL: |  1 |
---------------+----+-----
Fighting       | 1 |  1.8
Dodging        | |  1.8
Unarmed Combat | |  3.4
Shapeshifting  | |  3.5

Action                     || total
---------------------------++-------
  Melee: Unarmed           ||    69
         Bite              ||    14
         Punch             ||     4
 Armour: Animal skin       ||    10
  Dodge: Dodged            ||    39

Table legend: (Time is in decaauts)
 A = Elapsed time spent in this place.
 B = Non-inter-level travel time spent in this place.
 C = Inter-level travel time spent in this place.
 D = Time resting spent in this place.
 E = Time spent auto-exploring this place.
 F = Levels seen in this place.
 G = Mean time per level.
                   A        B        C        D        E       F      G
               +--------+--------+--------+--------+--------+-----+--------+
         Total |    703 |    693 |     10 |      0 |    537 |   2 |  351.5 |
       Dungeon |    703 |    693 |     10 |      0 |    537 |   2 |  351.5 |
               +--------+--------+--------+--------+--------+-----+--------+

Top non-repeatable levels by time:
     D:1: 570 daAuts
     D:2: 133 daAuts
